 Dungeon Crawl Stone Soup version 0.23-a0-635-g88ca12a7de (webtiles) character file.

170 Adamkad1 the Caller (level 5, -1/37 HPs)
             Began as a Vampire Summoner on Dec 27, 2018.
             Shot with an arrow by a centaur (11 damage)
             ... on level 5 of the Dungeon.
             The game lasted 00:07:03 (6246 turns).

Adamkad1 the Caller (Vampire Summoner)              Turns: 6246, Time: 00:07:04

Health: -1/37      AC:  4    Str:  7    XL:     5   Next: 26%
Magic:  4/9        EV: 13    Int: 19    God:
Gold:   209        SH:  0    Dex: 14    Spells: 3/9 levels left

rFire    + . .     SeeInvis +   s - +0 trident
rCold    + + .     Gourm    .   (no shield)
rNeg     + + +     Faith    .   a - +0 robe
rPois    ∞         Spirit   .   (no helmet)
rElec    .         Reflect  .   t - +1 cloak {+Inv}
rCorr    .         Harm     .   (no gloves)
MR       .....                  (no boots)
Stlth    ++++......             (no amulet)
HPRegen  0.00/turn              f - ring of protection from fire
MPRegen  0.11/turn              j - ring of positive energy

@: bloodless, non-regenerating
A: fangs 3, see invisible, unbreathing
a: Bat Form, Evoke Invisibility


You were on level 5 of the Dungeon.
You were bloodless.

You visited 1 branch of the dungeon, and saw 5 of its levels.

You collected 209 gold pieces.

Inventory:

Hand Weapons
 m - a +0 short sword
 s - a +0 trident (weapon)
Armour
 a - a +0 robe (worn)
 t - a +1 cloak of invisibility (worn)
Jewellery
 f - a ring of protection from fire (left hand)
 j - a ring of positive energy (right hand)
 q - an uncursed ring of resist corrosion {unknown}
 u - an uncursed ring of stealth {unknown}
Scrolls
 d - 8 scrolls of identify {unknown}
 e - a scroll of teleportation {unknown}
 g - 3 scrolls of remove curse {unknown}
 h - 3 scrolls of amnesia {unknown}
 i - a scroll of fog {unknown}
 l - a scroll of enchant weapon {unknown}
 p - 2 scrolls of immolation
 r - a scroll of random uselessness {unknown}
 w - a scroll of enchant armour {unknown}
Potions
 b - 4 potions of curing {unknown}
 c - 4 potions of blood
 k - 2 potions of agility {unknown}
 n - a potion of flight {unknown}
 o - 4 potions of heal wounds {unknown}
 v - a potion of lignification {unknown}
 x - 2 potions of resistance {unknown}


   Skills:
 + Level 1.0 Fighting
 + Level 1.0 Polearms
 + Level 3.2 Dodging
 - Level 3.0 Stealth
 + Level 2.7 Spellcasting
 * Level 5.4 Summonings


You had 3 spell levels left.
You knew the following spells:

 Your Spells              Type           Power        Failure   Level  Hunger
a - Summon Small Mammal   Summ           ###.         1%          1    None
b - Call Imp              Summ           ###.....     2%          2    ##.....
c - Call Canine Familiar  Summ           ###.....     4%          3    ###....

Your spell library contained the following spells:

 Spells                   Type           Power        Failure   Level  Hunger
 Summon Guardian Golem    Hex/Summ       ##......     16%         3    ###....
 Summon Ice Beast         Ice/Summ       ##......     45%         4    ####...
 Summon Lightning Spire   Summ/Air       ##......     45%         4    ####...


Dungeon Overview and Level Annotations

Branches:
Dungeon (5/15)
 Temple: D:4-7

Altars:
Ashenzari
Dithmenos

Annotations:
D:3 1 runed door, rinny's ghost, amateur DsMo


Innate Abilities, Weirdness & Mutations

You do not heal naturally.
You are immune to poison.
You have razor-sharp teeth.
You have supernaturally acute eyesight. (SInv)
You can survive without breathing.


Message History

You see here an arrow.
Attack whom?
Press: ? - help, Dir - move target cursor, f/p - centaur
Aim: a centaur, wielding a +0 shortbow (moderately wounded)
You reach to attack!
You closely miss the centaur.
The centaur is moderately wounded.
Your white imp gestures at the centaur.
The puff of frost hits the centaur.
The centaur unwields a +0 shortbow.
The centaur barely misses your white imp.
Your crimson imp blinks!
Your white imp closely misses the centaur.
Unknown command.
Attack whom?
Press: ? - help, Dir - move target cursor, f/p - centaur
Aim: a centaur (severely wounded)
You reach to attack!
You hit the centaur.
The centaur is almost dead.
The centaur wields a +0 shortbow.
The centaur shoots an arrow.
The arrow hits you!
You die...

........#
.......#.
c.......
......#
5....
##+#c.#
#.....#
#.c##(#
#55.@5#
#######


You could see a centaur, a friendly crimson imp and 2 friendly white imps.

Vanquished Creatures
  A howler monkey (D:4)
  A hound (D:4)
  An orc priest (D:4)
  An adder (D:2)
  A worm (D:2)
  3 giant cockroaches
  4 goblins
  4 hobgoblins
  2 bats (D:1)
  A frilled lizard (D:2)
  3 kobolds
  5 rats
27 creatures vanquished.

Vanquished Creatures (collateral kills)
  Crazy Yiuf (D:3)
  A worker ant (D:4)
  3 adders
  An ooze (D:3)
  2 worms
  A dart slug (D:3)
  A leopard gecko (D:3)
  5 orcs
  3 hobgoblins
  3 bats
  A rat (D:3)
22 creatures vanquished.

Grand Total: 49 creatures vanquished

Notes
Turn   | Place    | Note
-------+----------+-------------------------------------------
     0 | D:1      | Adamkad1 the Vampire Summoner began the quest for the Orb.
     0 | D:1      | Reached XP level 1. HP: 13/13 MP: 3/3
   362 | D:1      | Reached XP level 2. HP: 19/19 MP: 1/5
  2052 | D:2      | Reached XP level 3. HP: 13/24 MP: 3/6
  2304 | D:2      | Learned a level 2 spell: Call Imp
  2308 | D:2      | Learned a level 3 spell: Call Canine Familiar
  3341 | D:3      | Found a shadowy altar of Dithmenos.
  3802 | D:3      | Reached skill level 5 in Summonings
  3905 | D:3      | Found a runed door.
  4161 | D:3      | Found a runed door.
  4163 | D:3      | Noticed rinny's ghost (amateur DsMo)
  4260 | D:3      | Noticed Crazy Yiuf
  4290 | D:3      | Killed Crazy Yiuf
  4290 | D:3      | Reached XP level 4. HP: 21/30 MP: 1/7
  4938 | D:4      | Reached XP level 5. HP: 12/36 MP: 8/8
  5495 | D:4      | Found a shattered altar of Ashenzari.
  6174 | D:4      | Reached skill level 1 in Fighting
  6174 | D:4      | Reached skill level 1 in Polearms
  6229 | D:5      | Entered Level 5 of the Dungeon
  6234 | D:5      | Noticed a centaur
  6246 | D:5      | Shot with an arrow by a centaur

Vault maps used:
D:1:      matt_arrival_los_fun
D:2:      first_ration
D:3:      nicolae_dithmenos_shadow_blocks, ebering_ghost_inner_flame,
          minmay_door_square, uniq_crazy_yiuf_cottage
D:4:      nicolae_overflow_crystal_walls
D:5:      minmay_temple_entry_purple_smoke, kb_lookout_dungeons_type

Skill      XL: |  1  2  3  4  5 |
---------------+----------------+-----
Summonings     | 5 |  5.4
Dodging        | 3 |  3.2
Fighting       | 1 |  1.0
Polearms       | 1 |  1.0
Stealth        | |  3.0
Spellcasting   | |  2.7

Action                   |  1- 3 |  4- 6 || total
-------------------------+-------+-------++-------
Melee: Unarmed           |   108 |       ||   108
       Bite              |    13 |       ||    13
       Short sword       |    39 |       ||    39
       Trident           |     4 |    25 ||    29
 Cast: Summon Small Mamm |    19 |       ||    19
       Call Imp          |     6 |    15 ||    21
       Call Canine Famil |     4 |       ||     4
  Use: Potion            |     5 |     4 ||     9
 Stab: Sleeping          |     6 |       ||     6
Armor: Robe              |    30 |     6 ||    36
Dodge: Dodged            |   101 |    16 ||   117

Table legend:
 A = Non-vault XP
 B = Vault XP
 C = Vault XP percentage of total XP
 D = Non-vault monster count
 E = Vault monster count
 F = Vault count percentage of total count
                 A         B        C        D         E       F
            +---------+---------+-------+---------+---------+-------
      Total |     223 |      21 |   8.6 |      48 |       1 |   2.0
            +---------+---------+-------+---------+---------+-------
        D:1 |      20 |       0 |   0.0 |      14 |       0 |   0.0
        D:2 |      35 |       0 |   0.0 |      11 |       0 |   0.0
        D:3 |      36 |      21 |  36.8 |      15 |       1 |   6.2
        D:4 |     132 |       0 |   0.0 |       8 |       0 |   0.0
            +---------+---------+-------+---------+---------+-------
